 Dungeon Crawl Stone Soup version 0.21.1-1-g345015fe64 (webtiles) character file.

63 Sanvar the Skirmisher (level 4, -1/21 (40) HPs)
             Began as a Ghoul Fighter on Apr 28, 2018.
             Slain by a jackal (2 damage)
             ... on level 3 of the Dungeon.
             The game lasted 00:03:00 (1656 turns).

Sanvar the Skirmisher (Ghoul Fighter)               Turns: 1656, Time: 00:03:01

HP:   -1/21 (40)    AC:  6    Str: 19    XL:     4   Next: 9%
MP:   3/3           EV:  7    Int:  3    God:
Gold: 21            SH:  9    Dex:  9    Spells: 3/3 levels left

rFire    . . .     SeeInvis .   a - +0 long sword
rCold    + . .     Gourm    .   c - +0 shield
rNeg     + + +     Faith    .   b - +0 scale mail
rPois    ∞         Spirit   .   (no helmet)
rElec    .         Reflect  .   (no cloak)
rCorr    .         Harm     .   (no gloves)
MR       .....                  (no boots)
Stlth    ..........             (no amulet)
HPRegen  0.00/turn              (no ring)
MPRegen  0.08/turn              (no ring)

@: starving, rotting
A: rotting body, claws 1, carnivore, cold resistance 1, negative energy
resistance 3, inhibited regeneration, torment resistance, unbreathing
a: no special abilities


You were on level 3 of the Dungeon.
You were starving.

You visited 1 branch of the dungeon, and saw 3 of its levels.

You collected 21 gold pieces.

Inventory:

Hand Weapons
 a - a +0 long sword (weapon)
Armour
 b - a +0 scale mail (worn)
 c - a +0 shield (worn)
Wands
 g - a wand of polymorph (1)
Scrolls
 e - a scroll of teleportation {unknown}
Potions
 d - a potion of might
 h - a potion of agility {unknown}
 i - a potion of lignification {unknown}
Comestibles
 f - a ration


   Skills:
 + Level 3.9 Fighting
 + Level 2.2 Long Blades
 + Level 3.1 Armour
 + Level 0.5 Dodging
 + Level 3.2 Shields


You had 3 spell levels left.
You didn't know any spells.

Dungeon Overview and Level Annotations

Branches:
Dungeon (3/15)

Altars:


Innate Abilities, Weirdness & Mutations

Your body is rotting away.
You thrive on raw meat.
You are immune to poison.
You have sharp fingernails.
You are carnivorous and can eat meat at any time.
Your flesh is cold resistant. (rC+)
You are immune to negative energy. (rN+++)
You do not regenerate when monsters are visible.
You are immune to unholy pain and torment.
You can survive without breathing.


Message History

You closely miss the jackal.
You feel your flesh rotting away. The jackal closely misses you.
You block the jackal's attack. x3
You closely miss the jackal. You block the jackal's attack. x2
The jackal bites you but does no damage.
You barely miss the jackal. The jackal barely misses you.
The jackal bites you but does no damage.
You block the jackal's attack. x2
You closely miss the jackal. The jackal barely misses you.
You riposte.
Your shield and scale mail prevent you from hitting the jackal.
You block the jackal's attack. x3
You closely miss the jackal. The jackal bites you.
* * * LOW HITPOINT WARNING * * *
The jackal bites you.
* * * LOW HITPOINT WARNING * * *
The jackal bites you but does no damage.
You block the jackal's attack.
You closely miss the jackal. You block the jackal's attack.
The jackal barely misses you. The jackal bites you.
You die...

#### ###
....# #<#
....#
#.#.....#
#†#.....#
#####'#.....#
#....@h.#..##
#.....h......
#.......##..#
######### .#


You could see 2 jackals.

Vanquished Creatures
  Terence (D:2)
  An adder (D:2)
  A worm (D:2)
  A leopard gecko (D:2)
  A ball python (D:2)
  A bat (D:2)
  A giant cockroach (D:2)
  2 goblins
  A hobgoblin (D:1)
  5 jackals (D:3)
  A kobold (D:2)
  2 quokkas (D:2)
  3 rats
21 creatures vanquished.

Notes
Turn   | Place    | Note
-------+----------+-------------------------------------------
     0 | D:1      | Sanvar the Ghoul Fighter began the quest for the Orb.
     0 | D:1      | Reached XP level 1. HP: 19/19 MP: 0/0
   146 | D:2      | Reached XP level 2. HP: 5/24 MP: 1/1
   591 | D:2      | Noticed Terence
   616 | D:2      | Killed Terence
   616 | D:2      | Reached XP level 3. HP: 9/30 MP: 2/2
  1555 | D:3      | Reached XP level 4. HP: 8/27 MP: 3/3
  1655 | D:3      | HP: 1/21 [jackal (1)]
  1656 | D:3      | Slain by a jackal

Skill      XL: |  1  2 |
---------------+-------+-----
Shields        | 3 |  3.2
Long Blades    | 2 |  2.2
Armour         | 3 |  3.1
Fighting       | |  3.9
Dodging        | |  0.5

Action                   |  1- 3 |  4- 6 || total
-------------------------+-------+-------++-------
Melee: Long sword        |    84 |    32 ||   116
Armor: Scale mail        |    69 |    23 ||    92
Dodge: Dodged            |    61 |    16 ||    77
Block: Shield            |    86 |    37 ||   123
       Rpst.: Long sword |    16 |     5 ||    21
